 Dungeon Crawl Stone Soup version 0.29.0-15-g675c0067aa (webtiles) character file.

Game seed: 2007227265561833666

171249 qw the Peltast (level 17, 0/244 HPs)
             Began as a Minotaur Berserker on Sept 11, 2022.
             Was a High Priest of Trog.
             Succumbed to a swamp dragon's poison gas
             ... on level 4 of the Swamp.
             The game lasted 00:11:35 (39996 turns).

qw the Peltast (Minotaur Berserker)                Turns: 39996, Time: 00:11:35

Health: 0/244      AC: 33    Str: 30    XL:     17   Next: 39%
Magic:  16/16      EV: 12    Int:  4    God:    Trog [*****.]
Gold:   490        SH: 22    Dex: 16    Spells: 16/16 levels left

rFire   . . .      SeeInvis .   e - +3 war axe (flame)
rCold   + . .      Faith    +   c - +0 tower shield {AC+3}
rNeg    . . .      Spirit   .   g - +2 plate armour
rPois   .          Reflect  .   (helmet restricted)
rElec   +          Harm     .   k - +2 cloak
rCorr   .          Rampage  .   h - +2 pair of gloves
Will    .....                   l - +2 pair of boots
Stlth   ..........              m - amulet "Ickupaiph" {Faith rElec rC+ Will- Slay+3}
HPRegen 0.50/turn               u - +6 ring of dexterity
MPRegen 0.15/turn               p - +4 ring of slaying {mikee}

@: berserking, lethally poisoned (0 -> -88), very quick
A: horns 2, retaliatory headbutt
a: Renounce Religion, Berserk, Trog's Hand, Brothers in Arms


You were on level 4 of the Swamp.
You worshipped Trog.
Trog was extremely pleased with you.
You visited 5 branches of the dungeon, and saw 29 of its levels.

You collected 3120 gold pieces.
You spent 2630 gold pieces at shops.


Innate Abilities, Weirdness & Mutations

You have a pair of horns on your head.
You reflexively headbutt those who attack you in melee.


   Skills:
 - Level 18.0 Fighting
 - Level 18.0 Axes
 - Level 8.0 Throwing
 + Level 16.1 Armour
 - Level 10.1 Dodging
 - Level 19.8 Shields


You had 16 spell levels left.
You didn't know any spells.
Your spell library was empty.

Inventory:

Hand Weapons
 e - a +3 war axe of flaming (weapon)
 s - a +1 broad axe of draining
Missiles
 r - 2 boomerangs (quivered)
Armour
 c - a +0 tower shield of protection (worn)
 g - a +2 plate armour (worn)
 h - a +2 pair of gloves (worn)
 k - a +2 cloak (worn)
 l - a +2 pair of boots (worn)
 q - the +5 plate armour of Hubris {Harm MP+9 SInv}
   (You bought it in a shop on level 2 of the Orcish Mines)

   MP:        It affects your magic capacity (+9).
   SInv:      It lets you see invisible.
   Harm:      It increases damage dealt and taken.
Jewellery
 m - the amulet "Ickupaiph" (around neck) {Faith rElec rC+ Will- Slay+3}
   (You bought it in a shop on level 2 of the Snake Pit)

   [amulet of faith]

   It allows you to gain divine favour quickly.
   Slay:      It affects your accuracy & damage with ranged weapons and melee
   (+3).
   rC:        It protects you from cold.
   rElec:     It insulates you from electricity.
   Will:      It decreases your willpower.
 n - an amulet of reflection
 p - a +4 ring of slaying (right hand) {mikee}
 u - a +6 ring of dexterity (left hand)
 w - a ring of fire
Scrolls
 a - 3 scrolls of identify
Potions
 d - 3 potions of curing
 f - 4 potions of mutation
 i - 3 potions of haste
 j - a potion of heal wounds
 o - a potion of might
 t - a potion of cancellation

Dungeon Overview and Level Annotations

Branches:
Dungeon (15/15)            Temple (0/1) D:7            Lair (5/5) D:9
  Swamp (4/4) Lair:2        Snake (3/4) Lair:3        Slime (0/5) Lair:5
    Orc (2/2) D:9             Elf (0/3) Orc:2        Vaults (0/5) D:14
 Depths (0/4) D:15

Altars:
Ashenzari
Cheibriados
Gozag
Okawaru
Ru
Trog
Uskayaw
Vehumet
Yredelemnul
Zin
The Shining One
Jiyva

Shops:
D:6 ?   Orc:2 *[((:   Snake:2 :=:

Portals:
Trove: D:11 (give 13 scrolls of teleportation)

Annotations:
D:5 2 runed translucent doors, qw's ghost, weakling GrDe
D:7 1 runed translucent door, qw's ghost, novice MiBe
D:11 3 runed translucent doors, qw's ghost, journeyman GrFi
D:13 1 runed translucent door
Lair:4 3 runed translucent doors, qw's ghost, journeyman GrBe
Swamp:2 2 transporters, qw's ghost, adept GrFi
Swamp:3 2 transporters


Message History

You are more poisoned.
You feel very sick.
The bunyip claws you but does no damage.
You block the bunyip's attack. x2
You slice the bunyip!! You burn the bunyip.
The bunyip is severely wounded.
You hit the swamp dragon. You burn the swamp dragon.
You are engulfed in poison gas.
You are more poisoned.
You feel very sick. The swamp dragon barely misses you.
You furiously retaliate!
You headbutt the swamp dragon! You block the swamp dragon's attack. x2
You hit the bunyip. You burn the bunyip. You headbutt the bunyip!
The bunyip is severely wounded.
You slash the swamp dragon! You burn the swamp dragon.
You kill the swamp dragon!
Trog accepts your kill.
You hear a splash.
You are engulfed in poison gas.
You are lethally poisoned!
You feel extremely sick.
You slice the bunyip!! You burn the bunyip.
You kill the bunyip!
Trog accepts your kill.
You are engulfed in poison gas.
You are more poisoned.
You feel extremely sick.
The swamp dragon breathes poison at you.
The blast of poison engulfs you but does no damage.
You are more poisoned.
A four-headed hydra comes into view.
You slice the swamp dragon!! You burn the swamp dragon!
Your headbutt misses the swamp dragon.
The swamp dragon is heavily wounded.
You are engulfed in poison gas.
You are more poisoned.
You feel extremely sick.
You barely miss the swamp dragon.
You headbutt the swamp dragon, but do no damage.
The swamp dragon is heavily wounded.
You are engulfed in poison gas.
You are more poisoned.
You die...

### #
#.0###.###
#0000~~~#
#0@[#
~.~~..00D#
~~##~D~#D~D
.~~~# .~~~#
#....
~~kkD.
#~~~#~
~~~~~D~
.D~##
.#.#~~.
ยค?#
.~~~#~~


You could see an eight-headed hydra, a five-headed hydra, a four-headed hydra, 4
swamp dragons and 2 swamp drakes.

Vanquished Creatures
  the Lernaean hydra (Swamp:4)
  Nikola (Swamp:1)
  Rupert (Snake:2)
  2 thorn hunters (Swamp:2)
  Agnes (D:14)
  An orc warlord (Orc:2)
  A ghoul (Swamp:2)
  Azrael (D:12)
  3 eleionomae
  3 bunyips
  A dire elephant (D:15)
  Josephine (Orc:1)
  A salamander tyrant (Snake:3)
  4 boulder beetles
  24 hydras
  6 centaur warriors
  6 anacondas
  8 naga warriors
  6 two-headed ogres
  4 alligators
  A tengu warrior (D:15)
  A death knight (D:14)
  Urug (D:10)
  3 death yaks (D:9)
  7 shock serpents
  6 naga sharpshooters
  3 skeletal warriors (D:12)
  3 goliath frogs
  A phantasmal warrior (D:14)
  9 swamp dragons
  4 naga ritualists
  A wizard (D:14)
  3 bog bodies
  Pikel (D:5)
  5 orc sorcerers
  7 mana vipers
  A deep elf pyromancer (D:15)
  5 orc knights
  2 will-o-the-wisps
  2 cyclopes
  2 manticores
  9 ugly things (D:15)
  6 salamanders
  A moth of wrath (shapeshifter) (D:15)
  A guardian serpent (Snake:2)
  2 naga magi
  A torpor snail (Lair:5)
  18 black mambas
  An unseen horror (D:11)
  20 elephants
  2 gargoyles
  13 cane toads
  A freezing wraith (D:14)
  A kobold demonologist (D:11)
  A rime drake (Lair:4)
  A cane toad (shapeshifter) (D:15)
  4 tengu conjurers
  2 ice devils (Lair:2)
  An efreet (D:15)
  13 komodo dragons
  10 trolls
  A troll (shapeshifter) (D:14)
  3 meliai (D:13)
  7 polar bears (Lair:5)
  7 tyrant leeches
  A meliai (shapeshifter) (D:14)
  13 blink frogs
  7 hornets
  4 slime creatures (D:12)
  3 raiju (Lair:5)
  2 dream sheep (Lair:2)
  6 shadows
  9 wraiths
  10 spriggans
  A water elemental (D:13)
  49 yaks
  3 fire elementals (D:12)
  9 wyverns
  3 basilisks
  10 fire bats (D:13)
  A steam dragon (D:10)
  16 swamp worms
  6 wargs
  17 vampire mosquitoes
  4 acid dragons
  24 nagas
  Menkaure (D:4)
  12 water moccasins
  13 hell hounds
  7 swamp drakes
  3 sky beasts
  10 black bears
  29 orc warriors
  4 ogres
  2 ice beasts
  27 wolves
  17 centaurs
  3 boggarts (D:14)
  3 lemures (D:5)
  A phantom (D:7)
  3 kobold brigands (D:11)
  5 scorpions
  12 bullfrogs
  5 necrophages
  4 wights (D:8)
  8 killer bees
  4 howler monkeys
  2 electric eels
  2 jellies
  2 hounds
  11 orc priests
  Natasha (thrice) (D:4)
  2 iguanas
  28 orc wizards
  11 hell rats
  7 adders
  6 gnolls
  3 river rats (D:9)
  A white imp (D:7)
  2 ufetubi
  A worm (D:3)
  A dart slug (D:5)
  56 orcs
  75 bats
  4 endoplasms
  3 giant cockroaches
  2 goblins (D:2)
  3 hobgoblins
  2 jackals (D:4)
  10 kobolds
  4 quokkas
  6 ball pythons
  4 frilled lizards
  10 rats
902 creatures vanquished.

Vanquished Creatures (collateral kills)
  Jorgrun (D:14)
  4 hydras
  A manticore (D:13)
  A cane toad (Lair:5)
  A komodo dragon (Lair:5)
  2 polar bears (Lair:5)
  A blink frog (Lair:5)
  A warg (Lair:5)
  2 wolves (Lair:5)
  2 black bears (Lair:5)
  An orc (Orc:2)
17 creatures vanquished.

Vanquished Creatures (others)
  A bloated husk (Swamp:1)
  A boggart (D:14)
  An orc (D:15)
  6 foxfires (Swamp:3)
  19 fungi
  106 plants
134 creatures vanquished.

Grand Total: 1053 creatures vanquished

Notes
Turn   | Place    | Note
-------+----------+-------------------------------------------
     0 | D:1      | qw the Minotaur Berserker began the quest for the Orb.
     0 | D:1      | Reached XP level 1. HP: 19/19 MP: 0/0
     0 | D:1      | 0 ||| qw: Version: 0.1-a-119-g272c26d
     0 | D:1      | 0 ||| qw: Game counter: 10705
     0 | D:1      | 0 ||| qw: Always use a shield: true
     0 | D:1      | 0 ||| qw: Do Orc after D:15 true
     0 | D:1      | 0 ||| qw: Do second Lair branch before Depths: true
     0 | D:1      | 0 ||| qw: Lair rune preference: random
     0 | D:1      | 0 ||| qw: Plans: Normal
     0 | D:1      | 0 ||| PLANNING D:1-11
   411 | D:1      | 411 ||| INVOKING Berserk.
   415 | D:1      | Reached XP level 2. HP: 25/26 MP: 1/1
   652 | D:1      | Found a faded altar of an unknown god.
   733 | D:1      | 733 ||| READING scroll labelled PYXTOG FERI.
   734 | D:1      | 734 ||| READING scroll labelled SYGRIA PELEV.
   735 | D:1      | 735 ||| READING scroll labelled PAM NAAJ WAIDDEYB.
   762 | D:2      | Reached XP level 3. HP: 29/31 MP: 2/2
   781 | D:2      | 781 ||| Stepping ~*~*~tactically~*~*~ (stealth).
   821 | D:2      | Identified the +2 robe of Cuhar {rN+ Stlth- Archmagi}
   878 | D:2      | Found a snail-covered altar of Cheibriados.
   945 | D:2      | 945 ||| FLEEEEING.
   946 | D:2      | 946 ||| FLEEEEING.
   948 | D:2      | 948 ||| FLEEEEING.
   949 | D:2      | 949 ||| FLEEEEING.
   950 | D:2      | 950 ||| FLEEEEING.
   951 | D:2      | 951 ||| FLEEEEING.
   952 | D:2      | 952 ||| FLEEEEING.
   953 | D:2      | 953 ||| FLEEEEING.
   954 | D:2      | 954 ||| FLEEEEING.
   957 | D:2      | 957 ||| FLEEEEING.
   959 | D:2      | 959 ||| FLEEEEING.
   960 | D:2      | 960 ||| FLEEEEING.
   961 | D:2      | 961 ||| FLEEEEING.
   962 | D:2      | 962 ||| FLEEEEING.
   964 | D:2      | 964 ||| FLEEEEING.
   965 | D:2      | 965 ||| FLEEEEING.
   969 | D:2      | 969 ||| FLEEEEING.
   970 | D:2      | 970 ||| FLEEEEING.
   971 | D:2      | 971 ||| FLEEEEING.
   972 | D:2      | 972 ||| FLEEEEING.
   975 | D:2      | 975 ||| FLEEEEING.
   976 | D:2      | 976 ||| FLEEEEING.
   977 | D:2      | 977 ||| FLEEEEING.
   978 | D:2      | 978 ||| FLEEEEING.
   979 | D:2      | 979 ||| FLEEEEING.
   980 | D:2      | 980 ||| FLEEEEING.
   982 | D:2      | 982 ||| FLEEEEING.
   983 | D:2      | 983 ||| FLEEEEING.
   985 | D:2      | 985 ||| FLEEEEING.
   986 | D:2      | 986 ||| FLEEEEING.
   987 | D:2      | 987 ||| FLEEEEING.
  1364 | D:2      | 1364 ||| Stepping ~*~*~tactically~*~*~ (stealth).
  1517 | D:2      | 1517 ||| UPGRADING to +2 robe of Cuhar {rN+ Stlth-
                  | Archmagi}.
  1527 | D:2      | 1527 ||| DROPPING +0 animal skin.
  1528 | D:2      | 1528 ||| UPGRADING to +0 plate armour.
  1538 | D:2      | 1538 ||| DROPPING +2 robe of Cuhar {rN+ Stlth- Archmagi}.
  1539 | D:2      | 1539 ||| UPGRADING to ring of positive energy.
  1540 | D:2      | 1540 ||| READING scroll labelled NOANKY CEDEASHRE.
  1541 | D:2      | 1541 ||| READING scroll labelled AVITHR ANNIKLEA.
  1542 | D:2      | 1542 ||| READING 2 scrolls labelled GACHYZ TUECK.
  1543 | D:2      | 1543 ||| DROPPING scroll of immolation.
  1730 | D:3      | 1730 ||| READING scroll of enchant weapon.
  1730 | D:3      | 1730 ||| ENCHANTING +1 hand axe of chaos.
  1788 | D:3      | Reached skill level 1 in Throwing
  1884 | D:3      | 1884 ||| INVOKING Berserk.
  2112 | D:3      | 2112 ||| Stepping ~*~*~tactically~*~*~ (stealth).
  2375 | D:3      | Reached XP level 4. HP: 39/39 MP: 3/3
  2729 | D:3      | 2729 ||| UPGRADING to +0 buckler.
  2734 | D:3      | 2734 ||| READING scroll labelled BEMAARO UTECUI.
  2735 | D:3      | 2735 ||| READING scroll labelled VUGIKA QEU.
  2736 | D:3      | 2736 ||| DRINKING 2 murky emerald potions.
  2818 | D:4      | Noticed Menkaure
  2819 | D:4      | 2819 ||| Stepping ~*~*~tactically~*~*~ (hiding).
  2825 | D:4      | 2825 ||| INVOKING Berserk.
  2830 | D:4      | Killed Menkaure
  2831 | D:4      | Reached skill level 3 in Shields
  2831 | D:4      | Reached XP level 5. HP: 45/45 MP: 4/4
  2998 | D:4      | 2998 ||| INVOKING Berserk.
  3000 | D:4      | Reached skill level 6 in Axes
  3248 | D:4      | Noticed Natasha
  3251 | D:4      | 3251 ||| INVOKING Berserk.
  3254 | D:4      | Killed Natasha
  3372 | D:4      | Noticed a black bear
  3378 | D:4      | 3378 ||| INVOKING Berserk.
  3381 | D:4      | Reached XP level 6. HP: 51/51 MP: 5/5
  3389 | D:4      | 3389 ||| Stepping ~*~*~tactically~*~*~ (stealth).
  3621 | D:4      | Reached skill level 3 in Armour
  3642 | D:4      | 3642 ||| INVOKING Berserk.
  3648 | D:4      | 3648 ||| Stepping ~*~*~tactically~*~*~ (hiding).
  3649 | D:4      | 3649 ||| Stepping ~*~*~tactically~*~*~ (hiding).
  3653 | D:4      | Reached XP level 7. HP: 60/60 MP: 6/6
  3663 | D:4      | 3663 ||| Stepping ~*~*~tactically~*~*~ (stealth).
  3664 | D:4      | 3664 ||| Stepping ~*~*~tactically~*~*~ (stealth).
  3803 | D:4      | Reached ** piety under Trog
  3934 | D:4      | Noticed Natasha
  3935 | D:4      | 3935 ||| Stepping ~*~*~tactically~*~*~ (stealth).
  3937 | D:4      | 3937 ||| Stepping ~*~*~tactically~*~*~ (hiding).
  3941 | D:4      | 3941 ||| INVOKING Berserk.
  3943 | D:4      | Killed Natasha
  3962 | D:4      | Noticed Natasha
  3963 | D:4      | 3963 ||| Stepping ~*~*~tactically~*~*~ (stealth).
  3967 | D:4      | 3967 ||| Stepping ~*~*~tactically~*~*~ (stealth).
  3970 | D:4      | 3970 ||| Stepping ~*~*~tactically~*~*~ (stealth).
  3983 | D:4      | Killed Natasha
  4088 | D:4      | 4088 ||| UPGRADING to +0 cloak.
  4093 | D:4      | 4093 ||| UPGRADING to amulet of guardian spirit.
  4098 | D:4      | 4098 ||| UPGRADING to amulet of reflection.
  4108 | D:4      | 4108 ||| DROPPING amulet of guardian spirit.
  4109 | D:4      | 4109 ||| READING scroll labelled AXOB ATOINK.
  4110 | D:4      | 4110 ||| READING scroll labelled UKKEIW ISHROQ.
  4110 | D:4      | Identified a scroll of acquirement
  4110 | D:4      | 4110 ||| ACQUIRING +0 war axe of freezing
  4110 | D:4      | Acquired a +0 war axe of freezing
  4112 | D:4      | 4112 ||| SWAPPING to +0 war axe of freezing.
  4113 | D:4      | 4113 ||| DROPPING +2 hand axe of chaos.
  4114 | D:4      | 4114 ||| DRINKING 2 fuming white potions.
  4115 | D:4      | 4115 ||| DROPPING potion of brilliance.
  4129 | D:5      | Entered Level 5 of the Dungeon
  4153 | D:5      | 4153 ||| INVOKING Berserk.
  4337 | D:5      | 4337 ||| Stepping ~*~*~tactically~*~*~ (hiding).
  4339 | D:5      | 4339 ||| INVOKING Berserk.
  4342 | D:5      | Reached skill level 9 in Axes
  4354 | D:5      | 4354 ||| DRINKING potion of curing.
  4354 | D:5      | 4354 ||| (to cure confusion)
  4360 | D:5      | 4360 ||| Stepping ~*~*~tactically~*~*~ (stealth).
  4363 | D:5      | 4363 ||| Stepping ~*~*~tactically~*~*~ (hiding).
  4502 | D:5      | 4502 ||| Stepping ~*~*~tactically~*~*~ (stealth).
  4506 | D:5      | 4506 ||| INVOKING Berserk.
  4616 | D:5      | Found a large runed translucent door.
  4616 | D:5      | Found a large runed translucent door.
  4618 | D:5      | Noticed qw's ghost (weakling GrDe)
  4845 | D:5      | Reached XP level 8. HP: 68/68 MP: 7/7
  4863 | D:5      | 4863 ||| READING scroll of enchant armour.
  4863 | D:5      | 4863 ||| ENCHANTING +0 cloak.
  4896 | D:5      | 4896 ||| Stepping ~*~*~tactically~*~*~ (hiding).
  5312 | D:5      | 5312 ||| READING scroll labelled HUOTOURASI.
  5313 | D:5      | 5313 ||| DRINKING 2 fizzy sapphire potions.
  5418 | D:5      | 5418 ||| DROPPING potion of berserk rage.
  5437 | D:6      | Noticed Pikel
  5438 | D:6      | 5438 ||| STAIRDANCE
  5453 | D:6      | 5453 ||| STAIRDANCE
  5461 | D:6      | 5461 ||| STAIRDANCE
  5463 | D:5      | 5463 ||| INVOKING Berserk.
  5469 | D:5      | Killed Pikel
  5599 | D:6      | 5599 ||| Stepping ~*~*~tactically~*~*~ (stealth).
  5602 | D:6      | 5602 ||| INVOKING Berserk.
  5750 | D:6      | Found a sacrificial altar of Ru.
  5754 | D:6      | 5754 ||| Stepping ~*~*~tactically~*~*~ (hiding).
  5865 | D:6      | Reached *** piety under Trog
  6207 | D:6      | 6207 ||| Stepping ~*~*~tactically~*~*~ (hiding).
  6214 | D:6      | Reached skill level 6 in Fighting
  6222 | D:6      | 6222 ||| READING 3 scrolls of enchant weapon.
  6222 | D:6      | 6222 ||| ENCHANTING +0 war axe of freezing.
  6223 | D:6      | 6223 ||| READING 2 scrolls of enchant weapon.
  6223 | D:6      | 6223 ||| ENCHANTING +1 war axe of freezing.
  6224 | D:6      | 6224 ||| READING scroll of enchant weapon.
  6224 | D:6      | 6224 ||| ENCHANTING +2 war axe of freezing.
  6302 | D:6      | Reached skill level 4 in Shields
  6324 | D:6      | 6324 ||| INVOKING Berserk.
  6327 | D:6      | Reached XP level 9. HP: 75/75 MP: 8/8
  6772 | D:6      | Found Meinimoyju's Magic Scroll Shoppe.
  6780 | D:6      | 6780 ||| SHOPLISTING scroll of acquirement (572 gold, have
                  | 306).
  6780 | D:6      | 6780 ||| BUYING scroll of enchant armour (82 gold).
  6780 | D:6      | Bought a scroll of enchant armour for 82 gold pieces
  6780 | D:6      | 6780 ||| BUYING scroll of enchant armour (82 gold).
  6780 | D:6      | Bought a scroll of enchant armour for 82 gold pieces
  6780 | D:6      | 6780 ||| BUYING scroll of teleportation (33 gold).
  6780 | D:6      | Bought a scroll of teleportation for 33 gold pieces
  6780 | D:6      | 6780 ||| BUYING scroll of teleportation (33 gold).
  6780 | D:6      | Bought a scroll of teleportation for 33 gold pieces
  6780 | D:6      | 6780 ||| READING 2 scrolls of enchant armour.
  6780 | D:6      | 6780 ||| ENCHANTING +1 cloak.
  6781 | D:6      | 6781 ||| READING scroll of enchant armour.
  6781 | D:6      | 6781 ||| ENCHANTING +0 plate armour.
  6896 | D:6      | 6896 ||| Stepping ~*~*~tactically~*~*~ (hiding).
  6914 | D:6      | Reached skill level 12 in Axes
  6968 | D:6      | 6968 ||| Stepping ~*~*~tactically~*~*~ (stealth).
  6969 | D:6      | 6969 ||| Stepping ~*~*~tactically~*~*~ (stealth).
  7238 | D:7      | Found a staircase to the Ecumenical Temple.
  7246 | D:7      | 7246 ||| INVOKING Berserk.
  7248 | D:7      | Reached skill level 6 in Armour
  7408 | D:7      | 7408 ||| READING scroll of enchant armour.
  7408 | D:7      | 7408 ||| ENCHANTING +1 plate armour.
  7487 | D:7      | 7487 ||| INVOKING Berserk.
  7706 | D:7      | 7706 ||| Stepping ~*~*~tactically~*~*~ (stealth).
  7732 | D:7      | Found a broken altar of Ashenzari.
  7744 | D:7      | Found a runed translucent door.
  7744 | D:7      | Noticed qw's ghost (novice MiBe)
  8033 | D:7      | 8033 ||| UPGRADING to +0 pair of boots.
  8038 | D:7      | 8038 ||| UPGRADING to +4 ring of slaying {mikee}.
  8039 | D:7      | 8039 ||| DRINKING 2 silvery potions.
  8140 | D:7      | 8140 ||| DRINKING 2 bubbling blue potions.
  8141 | D:7      | 8141 ||| DROPPING potion of ambrosia.
  8156 | D:8      | 8156 ||| Stepping ~*~*~tactically~*~*~ (hiding).
  8285 | D:8      | 8285 ||| Stepping ~*~*~tactically~*~*~ (stealth).
  8296 | D:8      | 8296 ||| Stepping ~*~*~tactically~*~*~ (stealth).
  8299 | D:8      | 8299 ||| Stepping ~*~*~tactically~*~*~ (stealth).
  8473 | D:8      | 8473 ||| Stepping ~*~*~tactically~*~*~ (stealth).
  8475 | D:8      | 8475 ||| Stepping ~*~*~tactically~*~*~ (stealth).
  8623 | D:8      | 8623 ||| Stepping ~*~*~tactically~*~*~ (stealth).
  8624 | D:8      | 8624 ||| Stepping ~*~*~tactically~*~*~ (stealth).
  8677 | D:8      | Noticed a two-headed ogre
  8679 | D:8      | 8679 ||| INVOKING Berserk.
  8681 | D:8      | Killed a two-headed ogre
  8682 | D:8      | Reached XP level 10. HP: 88/88 MP: 9/9
  8686 | D:8      | Reached skill level 5 in Shields
  8883 | D:8      | 8883 ||| Stepping ~*~*~tactically~*~*~ (stealth).
  9251 | D:8      | 9251 ||| Stepping ~*~*~tactically~*~*~ (stealth).
  9338 | D:8      | 9338 ||| DRINKING 2 green potions.
  9339 | D:8      | 9339 ||| DROPPING potion of degeneration.
  9484 | D:9      | 9484 ||| Stepping ~*~*~tactically~*~*~ (hiding).
  9487 | D:9      | 9487 ||| Stepping ~*~*~tactically~*~*~ (hiding).
  9494 | D:9      | 9494 ||| Stepping ~*~*~tactically~*~*~ (stealth).
  9495 | D:9      | 9495 ||| Stepping ~*~*~tactically~*~*~ (stealth).
  9502 | D:9      | 9502 ||| Stepping ~*~*~tactically~*~*~ (stealth).
  9504 | D:9      | 9504 ||| Stepping ~*~*~tactically~*~*~ (hiding).
  9506 | D:9      | 9506 ||| Stepping ~*~*~tactically~*~*~ (hiding).
  9507 | D:9      | 9507 ||| Stepping ~*~*~tactically~*~*~ (hiding).
  9621 | D:9      | Found a staircase to the Lair.
  9622 | D:9      | Noticed a death yak
  9622 | D:9      | Noticed a death yak
  9624 | D:9      | Noticed a death yak
  9627 | D:9      | 9627 ||| INVOKING Berserk.
  9631 | D:9      | Killed a death yak
  9635 | D:9      | Killed a death yak
  9636 | D:9      | Killed a death yak
  9636 | D:9      | Reached **** piety under Trog
  9637 | D:9      | Reached skill level 15 in Axes
  9795 | D:9      | 9795 ||| Stepping ~*~*~tactically~*~*~ (stealth).
  9796 | D:9      | 9796 ||| Stepping ~*~*~tactically~*~*~ (stealth).
  9910 | D:9      | 9910 ||| Stepping ~*~*~tactically~*~*~ (hiding).
  9916 | D:9      | 9916 ||| INVOKING Berserk.
  9941 | D:9      | Reached skill level 9 in Fighting
  9996 | D:9      | 9996 ||| DROPPING +2 vampiric whip.
 10011 | D:9      | Found a staircase to the Orcish Mines.
 10011 | D:9      | Noticed a two-headed ogre
 10012 | D:9      | 10012 ||| INVOKING Berserk.
 10014 | D:9      | Killed a two-headed ogre
 10015 | D:9      | Reached XP level 11. HP: 97/97 MP: 10/10
 10211 | D:9      | 10211 ||| SWAPPING to +2 war axe of electrocution.
 10212 | D:9      | 10212 ||| DROPPING +3 war axe of freezing.
 10223 | D:9      | 10223 ||| PLANNING LAIR
 10223 | D:9      | 10223 ||| DRINKING 2 sapphire potions.
 10224 | D:9      | 10224 ||| READING 4 scrolls of identify.
 10224 | D:9      | 10224 ||| IDENTIFYING coppery potion
 10225 | D:9      | 10225 ||| READING 3 scrolls of identify.
 10225 | D:9      | 10225 ||| IDENTIFYING yellow potion
 10226 | D:9      | 10226 ||| READING 2 scrolls of identify.
 10226 | D:9      | 10226 ||| IDENTIFYING bubbling yellow potion
 10227 | D:9      | 10227 ||| DROPPING potion of invisibility.
 10228 | D:9      | 10228 ||| DROPPING potion of magic.
 10262 | Lair:1   | Entered Level 1 of the Lair of Beasts
 10283 | Lair:1   | 10283 ||| INVOKING Berserk.
 10512 | Lair:1   | Found a glowing silver altar of Zin.
 10661 | Lair:1   | 10661 ||| Stepping ~*~*~tactically~*~*~ (stealth).
 10689 | Lair:1   | 10689 ||| Stepping ~*~*~tactically~*~*~ (stealth).
 10698 | Lair:1   | Reached skill level 6 in Shields
 10698 | Lair:1   | 10698 ||| Stepping ~*~*~tactically~*~*~ (stealth).
 10706 | Lair:1   | Reached skill level 3 in Dodging
 10851 | Lair:1   | 10851 ||| Stepping ~*~*~tactically~*~*~ (stealth).
 10853 | Lair:1   | 10853 ||| Stepping ~*~*~tactically~*~*~ (stealth).
 11217 | Lair:1   | 11217 ||| UPGRADING to +6 ring of intelligence.
 11219 | Lair:1   | 11219 ||| READING scroll labelled QAOSSOUMEDD.
 11254 | Lair:2   | 11254 ||| INVOKING Berserk.
 11370 | Lair:2   | Noticed a boulder beetle
 11378 | Lair:2   | 11378 ||| INVOKING Berserk.
 11399 | Lair:2   | Killed a boulder beetle
 11525 | Lair:2   | 11525 ||| Stepping ~*~*~tactically~*~*~ (stealth).
 11526 | Lair:2   | 11526 ||| Stepping ~*~*~tactically~*~*~ (stealth).
 11535 | Lair:2   | 11535 ||| INVOKING Berserk.
 11678 | Lair:2   | Reached skill level 9 in Armour
 11766 | Lair:2   | 11766 ||| Stepping ~*~*~tactically~*~*~ (stealth).
 11767 | Lair:2   | 11767 ||| Stepping ~*~*~tactically~*~*~ (stealth).
 11778 | Lair:2   | Reached skill level 7 in Shields
 11881 | Lair:2   | 11881 ||| INVOKING Berserk.
 12037 | Lair:2   | 12037 ||| Stepping ~*~*~tactically~*~*~ (stealth).
 12039 | Lair:2   | 12039 ||| Stepping ~*~*~tactically~*~*~ (stealth).
 12040 | Lair:2   | 12040 ||| INVOKING Berserk.
 12130 | Lair:2   | 12130 ||| Stepping ~*~*~tactically~*~*~ (stealth).
 12231 | Lair:2   | 12231 ||| INVOKING Berserk.
 12274 | Lair:2   | Reached skill level 12 in Fighting
 12317 | Lair:2   | 12317 ||| Stepping ~*~*~tactically~*~*~ (stealth).
 12353 | Lair:2   | 12353 ||| INVOKING Berserk.
 12356 | Lair:2   | Reached XP level 12. HP: 112/112 MP: 11/11
 12674 | Lair:2   | 12674 ||| READING scroll of brand weapon.
 12674 | Lair:2   | 12674 ||| BRANDING +2 war axe of electrocution.
 12678 | Lair:2   | Found a staircase to the Swamp.
 12680 | Lair:2   | 12680 ||| Stepping ~*~*~tactically~*~*~ (stealth).
 13170 | Lair:2   | 13170 ||| READING scroll labelled BUEGRIEMEYN.
 13236 | Lair:3   | 13236 ||| Stepping ~*~*~tactically~*~*~ (stealth).
 13291 | Lair:3   | 13291 ||| Stepping ~*~*~tactically~*~*~ (stealth).
 13301 | Lair:3   | Reached skill level 8 in Shields
 13318 | Lair:3   | 13318 ||| Stepping ~*~*~tactically~*~*~ (stealth).
 13336 | Lair:3   | 13336 ||| Stepping ~*~*~tactically~*~*~ (stealth).
 13350 | Lair:3   | 13350 ||| Stepping ~*~*~tactically~*~*~ (stealth).
 13353 | Lair:3   | 13353 ||| INVOKING Berserk.
 13445 | Lair:3   | 13445 ||| INVOKING Berserk.
 13469 | Lair:3   | Reached skill level 12 in Armour
 13471 | Lair:3   | Reached skill level 3 in Throwing
 13598 | Lair:3   | 13598 ||| Stepping ~*~*~tactically~*~*~ (stealth).
 13644 | Lair:3   | 13644 ||| Stepping ~*~*~tactically~*~*~ (stealth).
 13654 | Lair:3   | 13654 ||| INVOKING Berserk.
 13661 | Lair:3   | Reached skill level 9 in Shields
 13824 | Lair:3   | Reached ***** piety under Trog
 13905 | Lair:3   | 13905 ||| INVOKING Berserk.
 14170 | Lair:3   | Found a staircase to the Snake Pit.
 14472 | Lair:3   | 14472 ||| READING 4 scrolls of identify.
 14472 | Lair:3   | 14472 ||| IDENTIFYING purple potion
 14597 | Lair:4   | 14597 ||| Stepping ~*~*~tactically~*~*~ (hiding).
 14732 | Lair:4   | 14732 ||| READING scroll of enchant armour.
 14732 | Lair:4   | 14732 ||| ENCHANTING +0 pair of boots.
 14752 | Lair:4   | 14752 ||| READING scroll of enchant weapon.
 14752 | Lair:4   | 14752 ||| ENCHANTING +2 war axe of draining.
 14798 | Lair:4   | 14798 ||| INVOKING Berserk.
 14945 | Lair:4   | 14945 ||| INVOKING Berserk.
 15274 | Lair:4   | Found a runed translucent gate.
 15275 | Lair:4   | Found a runed translucent gate.
 15276 | Lair:4   | Found a runed translucent gate.
 15293 | Lair:4   | Noticed qw's ghost (journeyman GrBe)
 15395 | Lair:4   | Reached XP level 13. HP: 124/124 MP: 12/12
 15720 | Lair:4   | 15720 ||| READING scroll labelled SUSMOUHEEZ.
 15721 | Lair:4   | 15721 ||| READING scroll labelled QEGOCA LUEF.
 15722 | Lair:4   | 15722 ||| READING 4 scrolls of identify.
 15722 | Lair:4   | 15722 ||| IDENTIFYING clear potion
 15723 | Lair:4   | 15723 ||| DROPPING potion of flight.
 15724 | Lair:4   | 15724 ||| READING 7 scrolls of teleportation.
 15780 | Lair:5   | Entered Level 5 of the Lair of Beasts
 15782 | Lair:5   | 15782 ||| STAIRDANCE
 15851 | Lair:5   | 15851 ||| STAIRDANCE
 15911 | Lair:5   | 15911 ||| STAIRDANCE
 15913 | Lair:4   | 15913 ||| INVOKING Berserk.
 16103 | Lair:5   | 16103 ||| STAIRDANCE
 16105 | Lair:4   | 16105 ||| INVOKING Berserk.
 16224 | Lair:5   | 16224 ||| STAIRDANCE
 16226 | Lair:4   | 16226 ||| INVOKING Berserk.
 16385 | Lair:5   | 16385 ||| STAIRDANCE
 16387 | Lair:4   | 16387 ||| INVOKING Berserk.
 16556 | Lair:5   | 16556 ||| INVOKING Berserk.
 16566 | Lair:5   | 16566 ||| STAIRDANCE
 16754 | Lair:5   | Identified the +10 halberd "Vosipsil" {venom, rN++ rCorr
                  | Int+2}
 16762 | Lair:5   | 16762 ||| INVOKING Berserk.
 16772 | Lair:5   | 16772 ||| Stepping ~*~*~tactically~*~*~ (stealth).
 16773 | Lair:5   | 16773 ||| Stepping ~*~*~tactically~*~*~ (stealth).
 16774 | Lair:5   | 16774 ||| Stepping ~*~*~tactically~*~*~ (stealth).
 16894 | Lair:5   | 16894 ||| Stepping ~*~*~tactically~*~*~ (stealth).
 16948 | Lair:5   | 16948 ||| Stepping ~*~*~tactically~*~*~ (stealth).
 16954 | Lair:5   | 16954 ||| INVOKING Berserk.
 16968 | Lair:5   | 16968 ||| INVOKING Brothers in Arms.
 17010 | Lair:5   | 17010 ||| INVOKING Brothers in Arms.
 17013 | Lair:5   | 17013 ||| SWAPPING to +0 morningstar.
 17014 | Lair:5   | 17014 ||| INVOKING Berserk.
 17024 | Lair:5   | 17024 ||| SWAPPING to +3 war axe of draining.
 17038 | Lair:5   | 17038 ||| Stepping ~*~*~tactically~*~*~ (stealth).
 17193 | Lair:5   | 17193 ||| Stepping ~*~*~tactically~*~*~ (stealth).
 17202 | Lair:5   | 17202 ||| Stepping ~*~*~tactically~*~*~ (stealth).
 17208 | Lair:5   | Reached skill level 6 in Throwing
 17222 | Lair:5   | Reached skill level 15 in Fighting
 17223 | Lair:5   | 17223 ||| Stepping ~*~*~tactically~*~*~ (water).
 17322 | Lair:5   | 17322 ||| FLEEEEING.
 17343 | Lair:5   | 17343 ||| FLEEEEING.
 17346 | Lair:5   | 17346 ||| FLEEEEING.
 17347 | Lair:5   | 17347 ||| FLEEEEING.
 17350 | Lair:5   | 17350 ||| INVOKING Berserk.
 17356 | Lair:5   | Reached skill level 6 in Dodging
 17528 | Lair:5   | 17528 ||| INVOKING Brothers in Arms.
 17531 | Lair:5   | 17531 ||| SWAPPING to +0 morningstar.
 17532 | Lair:5   | 17532 ||| INVOKING Berserk.
 17572 | Lair:5   | 17572 ||| SWAPPING to +3 war axe of draining.
 17688 | Lair:5   | Found a staircase to the Slime Pits.
 17689 | Lair:5   | Found a viscous altar of Jiyva.
 17853 | Lair:5   | 17853 ||| Stepping ~*~*~tactically~*~*~ (stealth).
 17928 | Lair:5   | 17928 ||| Stepping ~*~*~tactically~*~*~ (hiding).
 18145 | Lair:5   | 18145 ||| Stepping ~*~*~tactically~*~*~ (stealth).
 18150 | Lair:5   | 18150 ||| Stepping ~*~*~tactically~*~*~ (stealth).
 18187 | Lair:5   | 18187 ||| Stepping ~*~*~tactically~*~*~ (hiding).
 18191 | Lair:5   | 18191 ||| INVOKING Brothers in Arms.
 18192 | Lair:5   | 18192 ||| INVOKING Brothers in Arms.
 18193 | Lair:5   | 18193 ||| SWAPPING to +0 morningstar.
 18194 | Lair:5   | 18194 ||| INVOKING Berserk.
 18197 | Lair:5   | Reached skill level 10 in Shields
 18209 | Lair:5   | 18209 ||| SWAPPING to +3 war axe of draining.
 18260 | Lair:5   | 18260 ||| FLEEEEING.
 18261 | Lair:5   | 18261 ||| FLEEEEING.
 18262 | Lair:5   | 18262 ||| FLEEEEING.
 18268 | Lair:5   | 18268 ||| FLEEEEING.
 18269 | Lair:5   | 18269 ||| FLEEEEING.
 18270 | Lair:5   | 18270 ||| FLEEEEING.
 18271 | Lair:5   | 18271 ||| FLEEEEING.
 18273 | Lair:5   | 18273 ||| FLEEEEING.
 18274 | Lair:5   | 18274 ||| FLEEEEING.
 18275 | Lair:5   | 18275 ||| FLEEEEING.
 18276 | Lair:5   | 18276 ||| FLEEEEING.
 18277 | Lair:5   | 18277 ||| FLEEEEING.
 18278 | Lair:5   | 18278 ||| FLEEEEING.
 18286 | Lair:5   | 18286 ||| FLEEEEING.
 18287 | Lair:5   | 18287 ||| FLEEEEING.
 18288 | Lair:5   | 18288 ||| FLEEEEING.
 18289 | Lair:5   | 18289 ||| FLEEEEING.
 18290 | Lair:5   | 18290 ||| FLEEEEING.
 18291 | Lair:5   | 18291 ||| FLEEEEING.
 18298 | Lair:5   | 18298 ||| FLEEEEING.
 18299 | Lair:5   | 18299 ||| FLEEEEING.
 18300 | Lair:5   | 18300 ||| FLEEEEING.
 18301 | Lair:5   | 18301 ||| FLEEEEING.
 18303 | Lair:5   | 18303 ||| FLEEEEING.
 18307 | Lair:5   | 18307 ||| FLEEEEING.
 18308 | Lair:5   | 18308 ||| FLEEEEING.
 18309 | Lair:5   | 18309 ||| FLEEEEING.
 18310 | Lair:5   | 18310 ||| FLEEEEING.
 18312 | Lair:5   | 18312 ||| FLEEEEING.
 18314 | Lair:5   | 18314 ||| FLEEEEING.
 18315 | Lair:5   | 18315 ||| FLEEEEING.
 18316 | Lair:5   | 18316 ||| FLEEEEING.
 18317 | Lair:5   | 18317 ||| STAIRDANCE
 18583 | Lair:5   | 18583 ||| Stepping ~*~*~tactically~*~*~ (hiding).
 18596 | Lair:5   | 18596 ||| INVOKING Berserk.
 18664 | Lair:5   | 18664 ||| Stepping ~*~*~tactically~*~*~ (hiding).
 18674 | Lair:5   | Reached XP level 14. HP: 135/135 MP: 13/13
 18675 | Lair:5   | 18675 ||| Stepping ~*~*~tactically~*~*~ (stealth).
 18677 | Lair:5   | 18677 ||| INVOKING Brothers in Arms.
 18679 | Lair:5   | 18679 ||| SWAPPING to +0 morningstar.
 18680 | Lair:5   | 18680 ||| INVOKING Berserk.
 18688 | Lair:5   | 18688 ||| SWAPPING to +3 war axe of draining.
 18983 | Lair:5   | 18983 ||| PLANNING D:1-11
 18983 | Lair:5   | 18983 ||| READING scroll labelled JUIRPH PABI.
 19103 | D:10     | Entered Level 10 of the Dungeon
 19132 | D:10     | Noticed Urug
 19133 | D:10     | 19133 ||| INVOKING Berserk.
 19139 | D:10     | Killed Urug
 19271 | D:10     | 19271 ||| Stepping ~*~*~tactically~*~*~ (hiding).
 19353 | D:10     | Found a radiant altar of Vehumet.
 19473 | D:10     | 19473 ||| FLEEEEING.
 19474 | D:10     | 19474 ||| FLEEEEING.
 19481 | D:10     | 19481 ||| FLEEEEING.
 19482 | D:10     | 19482 ||| FLEEEEING.
 19483 | D:10     | 19483 ||| FLEEEEING.
 19484 | D:10     | 19484 ||| FLEEEEING.
 19485 | D:10     | 19485 ||| FLEEEEING.
 19681 | D:10     | 19681 ||| Stepping ~*~*~tactically~*~*~ (hiding).
 19956 | D:10     | Found an opulent altar of Gozag.
 19987 | D:10     | 19987 ||| READING scroll labelled CYGAANLUSO.
 20237 | D:11     | 20237 ||| READING scroll of enchant weapon.
 20237 | D:11     | 20237 ||| ENCHANTING +3 war axe of draining.
 20350 | D:11     | 20350 ||| READING scroll of enchant weapon.
 20350 | D:11     | 20350 ||| ENCHANTING +4 war axe of draining.
 20417 | D:11     | Found a portal to a secret trove of treasure.
 20701 | D:11     | Found a runed translucent gate.
 20701 | D:11     | Found a runed translucent gate.
 20880 | D:11     | 20880 ||| Stepping ~*~*~tactically~*~*~ (stealth).
 20884 | D:11     | 20884 ||| Stepping ~*~*~tactically~*~*~ (stealth).
 20889 | D:11     | 20889 ||| Stepping ~*~*~tactically~*~*~ (stealth).
 21092 | D:11     | Found a runed translucent gate.
 21093 | D:11     | Noticed qw's ghost (journeyman GrFi)
 21392 | D:11     | 21392 ||| PLANNING D
 21392 | D:11     | 21392 ||| UPGRADING to +2 pair of gloves.
 21397 | D:11     | 21397 ||| READING 5 scrolls of identify.
 21397 | D:11     | 21397 ||| IDENTIFYING white potion
 21398 | D:11     | 21398 ||| DROPPING potion of attraction.
 21824 | D:12     | 21824 ||| INVOKING Berserk.
 21831 | D:12     | 21831 ||| Stepping ~*~*~tactically~*~*~ (stealth).
 21833 | D:12     | 21833 ||| Stepping ~*~*~tactically~*~*~ (stealth).
 22098 | D:12     | Noticed Azrael
 22105 | D:12     | 22105 ||| INVOKING Berserk.
 22113 | D:12     | Killed Azrael
 22289 | D:12     | 22289 ||| Stepping ~*~*~tactically~*~*~ (stealth).
 22293 | D:12     | 22293 ||| Stepping ~*~*~tactically~*~*~ (stealth).
 22294 | D:12     | 22294 ||| Stepping ~*~*~tactically~*~*~ (stealth).
 22298 | D:12     | Reached skill level 15 in Armour
 22426 | D:12     | Found a glowing golden altar of the Shining One.
 22659 | D:12     | 22659 ||| INVOKING Berserk.
 22808 | D:12     | 22808 ||| Stepping ~*~*~tactically~*~*~ (hiding).
 22809 | D:12     | 22809 ||| INVOKING Brothers in Arms.
 22812 | D:12     | 22812 ||| SWAPPING to +0 morningstar.
 22813 | D:12     | 22813 ||| INVOKING Berserk.
 22846 | D:12     | 22846 ||| SWAPPING to +5 war axe of draining.
 23039 | D:12     | 23039 ||| DROPPING ring of positive energy.
 23040 | D:12     | 23040 ||| DROPPING ring of resist corrosion.
 23041 | D:12     | 23041 ||| UPGRADING to +6 ring of dexterity.
 23043 | D:12     | 23043 ||| DROPPING +6 ring of intelligence.
 23294 | D:13     | 23294 ||| Stepping ~*~*~tactically~*~*~ (hiding).
 23296 | D:13     | 23296 ||| Stepping ~*~*~tactically~*~*~ (hiding).
 23307 | D:13     | 23307 ||| INVOKING Brothers in Arms.
 23309 | D:13     | 23309 ||| INVOKING Brothers in Arms.
 23310 | D:13     | 23310 ||| SWAPPING to +0 morningstar.
 23311 | D:13     | 23311 ||| INVOKING Berserk.
 23317 | D:13     | 23317 ||| SWAPPING to +5 war axe of draining.
 23454 | D:13     | 23454 ||| Stepping ~*~*~tactically~*~*~ (stealth).
 23488 | D:13     | 23488 ||| INVOKING Berserk.
 23500 | D:13     | 23500 ||| Stepping ~*~*~tactically~*~*~ (stealth).
 23851 | D:13     | 23851 ||| INVOKING Brothers in Arms.
 23852 | D:13     | 23852 ||| INVOKING Brothers in Arms.
 23853 | D:13     | 23853 ||| INVOKING Brothers in Arms.
 23854 | D:13     | 23854 ||| SWAPPING to +0 morningstar.
 23855 | D:13     | 23855 ||| INVOKING Berserk.
 23914 | D:13     | 23914 ||| SWAPPING to +5 war axe of draining.
 23952 | D:13     | 23952 ||| Stepping ~*~*~tactically~*~*~ (stealth).
 23954 | D:13     | 23954 ||| INVOKING Berserk.
 24119 | D:13     | Found a runed translucent door.
 24156 | D:13     | Found a broken altar of Ashenzari.
 24205 | D:13     | Reached skill level 9 in Dodging
 24248 | D:13     | Found a radiant altar of Vehumet.
 24267 | D:13     | Found a hide-covered altar of Uskayaw.
 24307 | D:13     | Found an iron altar of Okawaru.
 24347 | D:13     | Found a basalt altar of Yredelemnul.
 24368 | D:13     | Found a radiant altar of Vehumet.
 24498 | D:13     | 24498 ||| READING scroll of enchant weapon.
 24498 | D:13     | 24498 ||| ENCHANTING +5 war axe of draining.
 24738 | D:14     | 24738 ||| Stepping ~*~*~tactically~*~*~ (hiding).
 24875 | D:14     | 24875 ||| Stepping ~*~*~tactically~*~*~ (hiding).
 24879 | D:14     | 24879 ||| INVOKING Trog's Hand.
 24892 | D:14     | 24892 ||| Stepping ~*~*~tactically~*~*~ (hiding).
 24894 | D:14     | 24894 ||| Stepping ~*~*~tactically~*~*~ (hiding).
 24895 | D:14     | 24895 ||| FLEEEEING.
 24987 | D:14     | Found a gate to the Vaults.
 25055 | D:14     | 25055 ||| INVOKING Brothers in Arms.
 25056 | D:14     | 25056 ||| INVOKING Brothers in Arms.
 25057 | D:14     | 25057 ||| SWAPPING to +0 morningstar.
 25058 | D:14     | 25058 ||| INVOKING Berserk.
 25064 | D:14     | 25064 ||| SWAPPING to +6 war axe of draining.
 25219 | D:14     | 25219 ||| Stepping ~*~*~tactically~*~*~ (hiding).
 25221 | D:14     | 25221 ||| Stepping ~*~*~tactically~*~*~ (hiding).
 25234 | D:14     | 25234 ||| INVOKING Berserk.
 25239 | D:14     | Reached XP level 15. HP: 66/147 MP: 14/14
 25240 | D:14     | HP: 40/220 [freezing wraith[a death knight] (21)]
 25633 | D:14     | Found a bloodstained altar of Trog.
 25710 | D:14     | Noticed Jorgrun
 25711 | D:14     | 25711 ||| INVOKING Brothers in Arms.
 25714 | D:14     | 25714 ||| INVOKING Berserk.
 25719 | D:14     | Killed Jorgrun
 25908 | D:14     | 25908 ||| INVOKING Berserk.
 26076 | D:14     | 26076 ||| SWAPPING to +0 morningstar.
 26077 | D:14     | 26077 ||| INVOKING Berserk.
 26086 | D:14     | 26086 ||| SWAPPING to +6 war axe of draining.
 26209 | D:14     | Noticed Agnes
 26211 | D:14     | 26211 ||| INVOKING Berserk.
 26216 | D:14     | Killed Agnes
 26471 | D:14     | 26471 ||| UPGRADING to +0 kite shield.
 26481 | D:14     | 26481 ||| DROPPING +0 buckler.
 26482 | D:14     | 26482 ||| READING 4 scrolls of identify.
 26482 | D:14     | 26482 ||| IDENTIFYING pink potion
 26491 | D:15     | Entered Level 15 of the Dungeon
 26492 | D:15     | 26492 ||| PLANNING BAZAAR
 26551 | D:15     | 26551 ||| Stepping ~*~*~tactically~*~*~ (hiding).
 26622 | D:15     | 26622 ||| Stepping ~*~*~tactically~*~*~ (hiding).
 26648 | D:15     | Reached skill level 11 in Shields
 26648 | D:15     | 26648 ||| INVOKING Berserk.
 26667 | D:15     | 26667 ||| Stepping ~*~*~tactically~*~*~ (hiding).
 26688 | D:15     | Reached skill level 12 in Shields
 26779 | D:15     | 26779 ||| DROPPING +0 morningstar.
 26820 | D:15     | 26820 ||| Stepping ~*~*~tactically~*~*~ (hiding).
 26822 | D:15     | 26822 ||| Stepping ~*~*~tactically~*~*~ (hiding).
 26921 | D:15     | 26921 ||| INVOKING Berserk.
 27114 | D:15     | 27114 ||| SWAPPING to +3 war axe of flaming.
 27117 | D:15     | 27117 ||| SWAPPING to +6 war axe of draining.
 27134 | D:15     | 27134 ||| Stepping ~*~*~tactically~*~*~ (stealth).
 27183 | D:15     | 27183 ||| INVOKING Brothers in Arms.
 27184 | D:15     | 27184 ||| INVOKING Brothers in Arms.
 27185 | D:15     | 27185 ||| INVOKING Brothers in Arms.
 27186 | D:15     | 27186 ||| INVOKING Brothers in Arms.
 27187 | D:15     | 27187 ||| SWAPPING to +3 war axe of flaming.
 27194 | D:15     | 27194 ||| SWAPPING to +6 war axe of draining.
 27289 | D:15     | 27289 ||| INVOKING Berserk.
 27582 | D:15     | Found a flickering gateway to a bazaar.
 27583 | D:15     | 27583 ||| DROPPING ring of willpower.
 27585 | D:15     | 27585 ||| READING 8 scrolls of teleportation.
 27622 | D:15     | Found a staircase to the Depths.
 27685 | D:15     | 27685 ||| RIP BAZAAR
 27694 | D:15     | 27694 ||| PLANNING D
 27788 | D:15     | 27788 ||| PLANNING ORC
 27955 | Orc:1    | Entered Level 1 of the Orcish Mines
 28040 | Orc:2    | Entered Level 2 of the Orcish Mines
 28041 | Orc:2    | 28041 ||| STAIRDANCE
 28145 | Orc:2    | 28145 ||| STAIRDANCE
 28167 | Orc:2    | 28167 ||| STAIRDANCE
 28175 | Orc:1    | Reached skill level 13 in Shields
 28177 | Orc:2    | 28177 ||| STAIRDANCE
 28179 | Orc:1    | 28179 ||| INVOKING Berserk.
 28293 | Orc:2    | 28293 ||| STAIRDANCE
 28310 | Orc:2    | 28310 ||| DRINKING 3 potions of curing.
 28310 | Orc:2    | 28310 ||| (to cure confusion)
 28330 | Orc:2    | 28330 ||| INVOKING Trog's Hand.
 28336 | Orc:2    | 28336 ||| INVOKING Berserk.
 28393 | Orc:2    | 28393 ||| INVOKING Trog's Hand.
 28396 | Orc:2    | 28396 ||| INVOKING Berserk.
 28514 | Orc:2    | Found Yrush's Antique Weapon Emporium.
 28517 | Orc:2    | Noticed an orc warlord
 28518 | Orc:2    | 28518 ||| INVOKING Brothers in Arms.
 28521 | Orc:2    | 28521 ||| INVOKING Berserk.
 28525 | Orc:2    | Killed an orc warlord
 28663 | Orc:2    | 28663 ||| Stepping ~*~*~tactically~*~*~ (hiding).
 28668 | Orc:2    | 28668 ||| INVOKING Berserk.
 28687 | Orc:2    | Reached skill level 14 in Shields
 28777 | Orc:2    | Found Gung's Weapon Shoppe.
 28784 | Orc:2    | 28784 ||| BUYING +1 broad axe of draining (170 gold).
 28784 | Orc:2    | Bought a +1 broad axe of draining for 170 gold pieces
 28784 | Orc:2    | 28784 ||| SWAPPING to +1 broad axe of draining.
 28785 | Orc:2    | 28785 ||| DROPPING +6 war axe of draining.
 28789 | Orc:2    | Found Jadydgh's Book Shoppe.
 28832 | Orc:2    | 28832 ||| Stepping ~*~*~tactically~*~*~ (stealth).
 28836 | Orc:2    | 28836 ||| INVOKING Berserk.
 29034 | Orc:2    | Found a staircase to the Elven Halls.
 29035 | Orc:2    | 29035 ||| INVOKING Trog's Hand.
 29038 | Orc:2    | 29038 ||| INVOKING Berserk.
 29061 | Orc:2    | 29061 ||| Stepping ~*~*~tactically~*~*~ (stealth).
 29263 | Orc:2    | 29263 ||| Stepping ~*~*~tactically~*~*~ (stealth).
 29265 | Orc:2    | 29265 ||| Stepping ~*~*~tactically~*~*~ (hiding).
 29266 | Orc:2    | 29266 ||| Stepping ~*~*~tactically~*~*~ (hiding).
 29271 | Orc:2    | 29271 ||| INVOKING Trog's Hand.
 29273 | Orc:2    | 29273 ||| INVOKING Berserk.
 29385 | Orc:2    | Found Yceyzu's Antique Armour Shoppe.
 29394 | Orc:2    | 29394 ||| BUYING pearl-encrusted plate armour (784 gold).
 29394 | Orc:2    | Bought a pearl-encrusted plate armour for 784 gold pieces
 29394 | Orc:2    | Identified the +5 plate armour of Hubris {Harm MP+9 SInv}
                  | (You bought it in a shop on level 2 of the Orcish Mines)
 29394 | Orc:2    | 29394 ||| BUYING shiny chain mail (210 gold).
 29394 | Orc:2    | Bought a shiny chain mail for 210 gold pieces
 29432 | Orc:2    | Found Giheny's General Store.
 29440 | Orc:2    | 29440 ||| BUYING scroll of enchant armour (82 gold).
 29440 | Orc:2    | Bought a scroll of enchant armour for 82 gold pieces
 29440 | Orc:2    | 29440 ||| BUYING scroll of identify (22 gold).
 29440 | Orc:2    | Bought a scroll of identify for 22 gold pieces
 29440 | Orc:2    | 29440 ||| READING scroll of enchant armour.
 29440 | Orc:2    | 29440 ||| ENCHANTING +1 pair of boots.
 29568 | Orc:2    | 29568 ||| DROPPING +1 chain mail of willpower.
 29681 | Orc:1    | 29681 ||| Stepping ~*~*~tactically~*~*~ (stealth).
 29682 | Orc:1    | 29682 ||| Stepping ~*~*~tactically~*~*~ (stealth).
 29835 | Orc:1    | 29835 ||| Stepping ~*~*~tactically~*~*~ (stealth).
 29837 | Orc:1    | 29837 ||| Stepping ~*~*~tactically~*~*~ (stealth).
 29870 | Orc:1    | Noticed Josephine
 29871 | Orc:1    | 29871 ||| Stepping ~*~*~tactically~*~*~ (stealth).
 29876 | Orc:1    | 29876 ||| Stepping ~*~*~tactically~*~*~ (stealth).
 29890 | Orc:1    | Killed Josephine
 30018 | Orc:1    | 30018 ||| Stepping ~*~*~tactically~*~*~ (stealth).
 30019 | Orc:1    | 30019 ||| Stepping ~*~*~tactically~*~*~ (stealth).
 30020 | Orc:1    | 30020 ||| Stepping ~*~*~tactically~*~*~ (stealth).
 30024 | Orc:1    | 30024 ||| Stepping ~*~*~tactically~*~*~ (hiding).
 30025 | Orc:1    | 30025 ||| Stepping ~*~*~tactically~*~*~ (hiding).
 30026 | Orc:1    | 30026 ||| INVOKING Trog's Hand.
 30027 | Orc:1    | 30027 ||| INVOKING Berserk.
 30286 | Orc:1    | 30286 ||| PLANNING SWAMP:1-3
 30286 | Orc:1    | 30286 ||| READING 4 scrolls of identify.
 30286 | Orc:1    | 30286 ||| IDENTIFYING metallic clear potion
 30287 | Orc:1    | 30287 ||| DROPPING potion of lignification.
 30514 | Swamp:1  | Entered Level 1 of the Swamp
 30572 | Swamp:1  | Noticed Nikola
 30574 | Swamp:1  | 30574 ||| INVOKING Berserk.
 30584 | Swamp:1  | Killed Nikola
 30590 | Swamp:1  | HP: 17/147 [spore (39)]
 30602 | Swamp:1  | 30602 ||| DRINKING 3 potions of heal wounds.
 30915 | Swamp:1  | 30915 ||| Stepping ~*~*~tactically~*~*~ (hiding).
 30917 | Swamp:1  | 30917 ||| Stepping ~*~*~tactically~*~*~ (hiding).
 30921 | Swamp:1  | 30921 ||| Stepping ~*~*~tactically~*~*~ (stealth).
 30938 | Swamp:1  | 30938 ||| INVOKING Berserk.
 31117 | Swamp:1  | 31117 ||| INVOKING Berserk.
 31399 | Swamp:1  | 31399 ||| Stepping ~*~*~tactically~*~*~ (hiding).
 31400 | Swamp:1  | 31400 ||| SWAPPING to +3 war axe of flaming.
 31402 | Swamp:1  | 31402 ||| SWAPPING to +1 broad axe of draining.
 31405 | Swamp:1  | 31405 ||| SWAPPING to +3 war axe of flaming.
 31412 | Swamp:1  | 31412 ||| SWAPPING to +1 broad axe of draining.
 31421 | Swamp:1  | 31421 ||| SWAPPING to +3 war axe of flaming.
 31425 | Swamp:1  | 31425 ||| SWAPPING to +1 broad axe of draining.
 31522 | Swamp:1  | 31522 ||| Stepping ~*~*~tactically~*~*~ (hiding).
 31528 | Swamp:1  | 31528 ||| Stepping ~*~*~tactically~*~*~ (cloud).
 31664 | Swamp:2  | 31664 ||| Stepping ~*~*~tactically~*~*~ (hiding).
 31670 | Swamp:2  | 31670 ||| SWAPPING to +3 war axe of flaming.
 31672 | Swamp:2  | 31672 ||| Stepping ~*~*~tactically~*~*~ (water).
 31677 | Swamp:2  | 31677 ||| SWAPPING to +1 broad axe of draining.
 31682 | Swamp:2  | Noticed a thorn hunter
 31691 | Swamp:2  | 31691 ||| INVOKING Berserk.
 31693 | Swamp:2  | Killed a thorn hunter
 31753 | Swamp:2  | 31753 ||| Stepping randomly (cloudy).
 31754 | Swamp:2  | 31754 ||| Stepping ~*~*~tactically~*~*~ (cloud).
 31758 | Swamp:2  | 31758 ||| Stepping ~*~*~tactically~*~*~ (cloud).
 31759 | Swamp:2  | 31759 ||| SWAPPING to +3 war axe of flaming.
 31760 | Swamp:2  | 31760 ||| Stepping ~*~*~tactically~*~*~ (water).
 31761 | Swamp:2  | 31761 ||| Stepping ~*~*~tactically~*~*~ (cloud).
 31762 | Swamp:2  | 31762 ||| DRINKING 3 potions of resistance.
 31763 | Swamp:2  | 31763 ||| INVOKING Berserk.
 31764 | Swamp:2  | HP: 55/220 [poisoned by a swamp dragon (blast of poison)]
 31766 | Swamp:2  | Reached XP level 16. HP: 54/155 MP: 15/15
 31769 | Swamp:2  | HP: 50/232 [poisoned by a swamp dragon (blast of poison)]
 31774 | Swamp:2  | 31774 ||| FLEEEEING.
 31774 | Swamp:2  | HP: 30/155 [poisoned by a swamp dragon (blast of poison)]
 31775 | Swamp:2  | 31775 ||| DRINKING 2 potions of heal wounds.
 31776 | Swamp:2  | 31776 ||| SWAPPING to +1 broad axe of draining.
 32070 | Swamp:2  | 32070 ||| SWAPPING to +3 war axe of flaming.
 32073 | Swamp:2  | 32073 ||| SWAPPING to +1 broad axe of draining.
 32085 | Swamp:2  | 32085 ||| Stepping ~*~*~tactically~*~*~ (hiding).
 32086 | Swamp:2  | 32086 ||| SWAPPING to +3 war axe of flaming.
 32092 | Swamp:2  | Reached skill level 15 in Shields
 32092 | Swamp:2  | 32092 ||| SWAPPING to +1 broad axe of draining.
 32238 | Swamp:2  | 32238 ||| Stepping ~*~*~tactically~*~*~ (stealth).
 32241 | Swamp:2  | 32241 ||| Stepping ~*~*~tactically~*~*~ (stealth).
 32250 | Swamp:2  | 32250 ||| FLEEEEING.
 32251 | Swamp:2  | 32251 ||| FLEEEEING.
 32252 | Swamp:2  | 32252 ||| FLEEEEING.
 32323 | Swamp:2  | 32323 ||| INVOKING Berserk.
 32452 | Swamp:2  | Noticed a thorn hunter
 32453 | Swamp:2  | Found a transporter.
 32454 | Swamp:2  | 32454 ||| SWAPPING to +3 war axe of flaming.
 32457 | Swamp:2  | 32457 ||| SWAPPING to +1 broad axe of draining.
 32458 | Swamp:2  | 32458 ||| INVOKING Berserk.
 32465 | Swamp:2  | Killed a thorn hunter
 32469 | Swamp:2  | Reached skill level 18 in Axes
 32483 | Swamp:2  | Found a transporter.
 32483 | Swamp:2  | Noticed qw's ghost (adept GrFi)
 32487 | Swamp:2  | 32487 ||| DRINKING 2 potions of resistance.
 32521 | Swamp:2  | 32521 ||| INVOKING Berserk.
 32884 | Swamp:3  | 32884 ||| Stepping ~*~*~tactically~*~*~ (water).
 32885 | Swamp:3  | 32885 ||| INVOKING Berserk.
 32890 | Swamp:3  | Found a transporter.
 32896 | Swamp:3  | Noticed a tentacled monstrosity
 32910 | Swamp:3  | Noticed a tentacled monstrosity
 32918 | Swamp:3  | 32918 ||| Stepping ~*~*~tactically~*~*~ (water).
 32918 | Swamp:3  | HP: 37/155 [will-o-the-wisp/foxfire (17)]
 32919 | Swamp:3  | 32919 ||| READING 9 scrolls of teleportation.
 32920 | Swamp:3  | 32920 ||| DRINKING potion of heal wounds.
 32923 | Swamp:3  | 32923 ||| Stepping ~*~*~tactically~*~*~ (hiding).
 32926 | Swamp:3  | HP: 23/155 [spriggan rider/+0 spear (18)]
 32926 | Swamp:3  | HP: 3/155 [spriggan rider/+0 spear (11)]
 32927 | Swamp:3  | 32927 ||| READING 8 scrolls of teleportation.
 32938 | Swamp:3  | 32938 ||| READING 7 scrolls of teleportation.
 32950 | Swamp:3  | 32950 ||| READING 6 scrolls of teleportation.
 32953 | Swamp:3  | 32953 ||| READING 5 scrolls of teleportation.
 32954 | Swamp:3  | 32954 ||| Stepping ~*~*~tactically~*~*~ (water).
 32955 | Swamp:3  | 32955 ||| INVOKING Berserk.
 32955 | Swamp:3  | HP: 14/232 [spriggan rider/+0 spear (10)]
 32955 | Swamp:3  | Noticed a tentacled monstrosity
 32964 | Swamp:3  | 32964 ||| READING 4 scrolls of teleportation.
 32978 | Swamp:3  | 32978 ||| READING 3 scrolls of teleportation.
 32980 | Swamp:3  | 32980 ||| READING 2 scrolls of teleportation.
 32983 | Swamp:3  | 32983 ||| READING scroll of teleportation.
 33014 | Swamp:3  | 33014 ||| Stepping ~*~*~tactically~*~*~ (stealth).
 33015 | Swamp:3  | 33015 ||| Stepping ~*~*~tactically~*~*~ (stealth).
 33036 | Swamp:3  | 33036 ||| INVOKING Berserk.
 33106 | Swamp:3  | 33106 ||| INVOKING Berserk.
 33112 | Swamp:3  | Reached skill level 16 in Shields
 33141 | Swamp:3  | 33141 ||| Stepping ~*~*~tactically~*~*~ (stealth).
 33143 | Swamp:3  | 33143 ||| SWAPPING to +3 war axe of flaming.
 33147 | Swamp:3  | 33147 ||| SWAPPING to +1 broad axe of draining.
 33564 | Swamp:3  | 33564 ||| Stepping ~*~*~tactically~*~*~ (stealth).
 33668 | Swamp:3  | Found a transporter.
 33674 | Swamp:3  | 33674 ||| SWAPPING to +3 war axe of flaming.
 33680 | Swamp:3  | 33680 ||| SWAPPING to +1 broad axe of draining.
 33691 | Swamp:3  | 33691 ||| DRINKING potion of resistance.
 33881 | Swamp:3  | 33881 ||| PLANNING SNAKE:1-3
 33972 | Snake:1  | Entered Level 1 of the Snake Pit
 33973 | Snake:1  | 33973 ||| PLANNING BAZAAR
 34026 | Snake:1  | 34026 ||| INVOKING Berserk.
 34052 | Snake:1  | 34052 ||| Stepping ~*~*~tactically~*~*~ (stealth).
 34053 | Snake:1  | 34053 ||| Stepping ~*~*~tactically~*~*~ (stealth).
 34054 | Snake:1  | 34054 ||| Stepping ~*~*~tactically~*~*~ (stealth).
 34070 | Snake:1  | 34070 ||| Stepping ~*~*~tactically~*~*~ (stealth).
 34071 | Snake:1  | 34071 ||| Stepping ~*~*~tactically~*~*~ (stealth).
 34080 | Snake:1  | 34080 ||| Stepping ~*~*~tactically~*~*~ (stealth).
 34081 | Snake:1  | 34081 ||| Stepping ~*~*~tactically~*~*~ (stealth).
 34084 | Snake:1  | Noticed Rupert
 34085 | Snake:1  | 34085 ||| INVOKING Trog's Hand.
 34090 | Snake:1  | 34090 ||| Stepping ~*~*~tactically~*~*~ (hiding).
 34092 | Snake:1  | 34092 ||| INVOKING Berserk.
 34287 | Snake:1  | 34287 ||| UPGRADING to +0 tower shield of protection.
 34297 | Snake:1  | 34297 ||| DROPPING +0 kite shield.
 34405 | Snake:1  | 34405 ||| Stepping ~*~*~tactically~*~*~ (stealth).
 34407 | Snake:1  | 34407 ||| Stepping ~*~*~tactically~*~*~ (hiding).
 34603 | Snake:1  | 34603 ||| Stepping ~*~*~tactically~*~*~ (hiding).
 34604 | Snake:1  | 34604 ||| Stepping ~*~*~tactically~*~*~ (hiding).
 34743 | Snake:1  | 34743 ||| RIP BAZAAR
 34743 | Snake:1  | 34743 ||| PLANNING SNAKE:1-3
 34782 | Snake:2  | 34782 ||| INVOKING Berserk.
 35033 | Snake:2  | 35033 ||| Stepping ~*~*~tactically~*~*~ (hiding).
 35036 | Snake:2  | 35036 ||| INVOKING Berserk.
 35046 | Snake:2  | Reached skill level 17 in Shields
 35548 | Snake:2  | 35548 ||| INVOKING Berserk.
 35589 | Snake:2  | 35589 ||| Stepping ~*~*~tactically~*~*~ (stealth).
 35617 | Snake:2  | 35617 ||| Stepping ~*~*~tactically~*~*~ (hiding).
 35619 | Snake:2  | 35619 ||| INVOKING Berserk.
 35717 | Snake:2  | 35717 ||| Stepping ~*~*~tactically~*~*~ (stealth).
 35762 | Snake:2  | 35762 ||| INVOKING Berserk.
 36051 | Snake:2  | 36051 ||| Stepping ~*~*~tactically~*~*~ (stealth).
 36052 | Snake:2  | 36052 ||| Stepping ~*~*~tactically~*~*~ (stealth).
 36054 | Snake:2  | 36054 ||| INVOKING Berserk.
 36148 | Snake:2  | 36148 ||| INVOKING Trog's Hand.
 36152 | Snake:2  | 36152 ||| INVOKING Berserk.
 36154 | Snake:2  | Killed Rupert
 36297 | Snake:2  | 36297 ||| Stepping ~*~*~tactically~*~*~ (hiding).
 36679 | Snake:2  | Found Feul's Book Emporium.
 36679 | Snake:2  | Found Wauliv's Jewellery Shop.
 36680 | Snake:2  | Found Ythuu's Book Emporium.
 36688 | Snake:2  | 36688 ||| BUYING amulet "Ickupaiph" {Faith rElec rC+ Will-
                  | Slay+3} (832 gold).
 36688 | Snake:2  | Bought the amulet "Ickupaiph" {Faith rElec rC+ Will-
                  | Slay+3} for 832 gold pieces
 36688 | Snake:2  | 36688 ||| SHOPLISTING ring "Adoneo" {Str+6 Slay+4} (1171
                  | gold, have 669).
 36688 | Snake:2  | 36688 ||| BUYING ring of fire (300 gold).
 36688 | Snake:2  | Bought a ring of fire for 300 gold pieces
 36992 | Snake:2  | 36992 ||| UPGRADING to amulet "Ickupaiph" {Faith rElec rC+
                  | Will- Slay+3}.
 37040 | Snake:3  | 37040 ||| Stepping ~*~*~tactically~*~*~ (hiding).
 37041 | Snake:3  | 37041 ||| Stepping ~*~*~tactically~*~*~ (hiding).
 37042 | Snake:3  | 37042 ||| Stepping ~*~*~tactically~*~*~ (hiding).
 37043 | Snake:3  | 37043 ||| Stepping ~*~*~tactically~*~*~ (hiding).
 37087 | Snake:3  | Reached skill level 18 in Shields
 37180 | Snake:3  | 37180 ||| Stepping ~*~*~tactically~*~*~ (stealth).
 37183 | Snake:3  | 37183 ||| Stepping ~*~*~tactically~*~*~ (stealth).
 37409 | Snake:3  | 37409 ||| Stepping ~*~*~tactically~*~*~ (stealth).
 37410 | Snake:3  | 37410 ||| Stepping ~*~*~tactically~*~*~ (stealth).
 37418 | Snake:3  | Reached XP level 17. HP: 148/163 MP: 16/16
 37559 | Snake:3  | 37559 ||| INVOKING Berserk.
 37754 | Snake:3  | 37754 ||| INVOKING Berserk.
 38200 | Snake:3  | 38200 ||| Stepping ~*~*~tactically~*~*~ (hiding).
 38335 | Snake:3  | 38335 ||| Stepping ~*~*~tactically~*~*~ (hiding).
 38339 | Snake:3  | 38339 ||| Stepping ~*~*~tactically~*~*~ (hiding).
 38341 | Snake:3  | 38341 ||| INVOKING Berserk.
 38448 | Snake:3  | 38448 ||| Stepping ~*~*~tactically~*~*~ (hiding).
 38832 | Snake:3  | 38832 ||| Stepping ~*~*~tactically~*~*~ (stealth).
 38839 | Snake:3  | 38839 ||| INVOKING Berserk.
 38849 | Snake:3  | Reached skill level 19 in Shields
 39007 | Snake:3  | 39007 ||| Stepping ~*~*~tactically~*~*~ (hiding).
 39299 | Snake:3  | 39299 ||| PLANNING SWAMP:4
 39299 | Snake:3  | 39299 ||| DROPPING amulet of the acrobat.
 39368 | Snake:1  | 39368 ||| RIP BAZAAR
 39457 | Swamp:4  | Entered Level 4 of the Swamp
 39511 | Swamp:4  | 39511 ||| Stepping ~*~*~tactically~*~*~ (stealth).
 39516 | Swamp:4  | 39516 ||| Stepping ~*~*~tactically~*~*~ (stealth).
 39525 | Swamp:4  | 39525 ||| Stepping ~*~*~tactically~*~*~ (stealth).
 39540 | Swamp:4  | 39540 ||| READING 2 scrolls of teleportation.
 39541 | Swamp:4  | 39541 ||| Stepping randomly (cloudy).
 39542 | Swamp:4  | 39542 ||| Stepping ~*~*~tactically~*~*~ (cloud).
 39550 | Swamp:4  | 39550 ||| Stepping ~*~*~tactically~*~*~ (water).
 39558 | Swamp:4  | 39558 ||| INVOKING Berserk.
 39562 | Swamp:4  | HP: 61/244 [poison (poison gas)]
 39566 | Swamp:4  | HP: 21/163 [poison (poison gas)]
 39567 | Swamp:4  | 39567 ||| DRINKING 5 potions of curing.
 39567 | Swamp:4  | 39567 ||| (to cure poison)
 39635 | Swamp:4  | 39635 ||| INVOKING Berserk.
 39971 | Swamp:4  | 39971 ||| READING scroll of teleportation.
 39974 | Swamp:4  | Noticed the 27-headed Lernaean hydra
 39975 | Swamp:4  | 39975 ||| SWAPPING to +3 war axe of flaming.
 39980 | Swamp:4  | 39980 ||| DRINKING 4 potions of curing.
 39980 | Swamp:4  | 39980 ||| (to cure confusion)
 39981 | Swamp:4  | 39981 ||| INVOKING Berserk.
 39982 | Swamp:4  | Killed the 22-headed Lernaean hydra
 39985 | Swamp:4  | Reached skill level 18 in Fighting
 39988 | Swamp:4  | HP: 60/244 [three-headed hydra (10)]
 39993 | Swamp:4  | HP: 47/244 [swamp dragon] (3)]
 39995 | Swamp:4  | HP: 13/244 [poisoned by a swamp dragon (poison gas)]
 39996 | Swamp:4  | Succumbed to a swamp dragon's poison gas

Levels and vault maps discovered:
D:1:      dpeg_arrival_rooms_c, layout_loops_ring,
          shapermc_ecumenical_altar_mp_vishouse, minmay_misc_feat_hallway
D:2:      layout_basic, basic_altar
D:3:      layout_basic
D:4:      layout_loops_ring, grunt_ministairs_12, uniq_menkaure, uniq_natasha
D:5:      layout_loops_ring, ebering_ghost_disaster_area,
          kennysheep_generic_room_7
D:6:      layout_basic, nicolae_ru_great_annihilating_truth, serial_shops, shop,
          amcnicky_mini_rare_corridor_liquid, uniq_pikel
D:7:      layout_basic, ashenzari_conservatory_becter, minmay_temple_entry_mist,
          gammafunk_ghost_grave
D:8:      layout_basic, minmay_manual_monstrance
D:9:      layout_basic, dpeg_lair_monsters, david_orc_4
D:10:     layout_loops_ring, mainiacjoe_overflow_six_doors_small,
          mainiacjoe_overflow_alcove_1, uniq_urug
D:11:     layout_loops_corners, gammafunk_ghost_hydra_chop, enter_trove_6
D:12:     layout_stronghold, tso_oasis_becter, uniq_azrael
D:13:     due_megacathedral, layout_irregular_city,
          hangedman_abyss_or_decor_clamps, drop_trap, kennysheep_generic_room_16
D:14:     layout_roguey, david_vaults_1, trog_three_pillars_becter, uniq_agnes,
          uniq_jorgrun
D:15:     hangedman_depths_entry_try_elsewhere_first, layout_gridville,
          minmay_misc_feat_diagonals, serial_shops, freezing_bzr
Lair:1:   layout_loops_ring, basic_altar
Lair:2:   wad_woods_settlement, layout_regular_city, minmay_swamp_entry_worms,
          portal_ice_cave_demonic_guard
Lair:3:   layout_regular_city, dummy_snake_entry, beast_lair_carwin_11,
          grunt_megastairs_3, infiniplex_staircase_pool_2, lemuel_fruit_tree
Lair:4:   layout_layer_cave, ebering_ghost_rock_garden, lemuel_fruit_fields,
          infiniplex_staircase_pool
Lair:5:   hangedman_lair_caniforms_friends, layout_gridlike, slime_entry_1,
          grunt_forest_stairs_basic, serial_bayou_lagoon_a
Swamp:1:  layout_basic_swamp, nicolae_swamp_well_well_well, swamp_pool1,
          nicolae_swamp_baby_hydras, uniq_nikola
Swamp:2:  layout_falls_marsh, gammafunk_ghost_mausoleum,
          nicolae_swamp_bean_lake, swamp_pool3
Swamp:3:  gammafunk_sealed_arena, layout_falls_marsh,
          nicolae_swamp_little_swirl, swamp_pool4
Swamp:4:  swamp_old_school, layout_basic_swamp
Snake:1:  layout_misc_corridors, serial_shops, bzr_firewalk,
          nicolae_snake_round_shape_thing, uniq_rupert
Snake:2:  layout_chambers, minmay_shop_grove, grunt_megastairs_4
Snake:3:  layout_layer_cave, special_room
Orc:1:    layout_diamond_mine, enter_volcano_2, hellmonk_bongcloud_opening,
          uniq_josephine
Orc:2:    grunt_orc_gardens, layout_caves, grunt_orc_garden, grunt_orc_garden,
          grunt_orc_garden, grunt_orc_garden, basic_altar, serial_shops,
          nicolae_shop_bloodbath_and_beyond

Skill      XL: |  1  2  3  4  5  6  7  8  9 10 11 12 13 14 15 16 17 |
---------------+----------------------------------------------------+-----
Axes           | 4 5 6 7 9 11 13 15 16 17 18 | 18.0
Throwing       | 1 2 3 7 8 |  8.0
Shields        | 3 4 5 7 9 10 14 18 19 | 19.8
Fighting       | 4 5 6 8 9 12 14 15 17 18 | 18.0
Armour         | 3 4 5 8 10 12 14 15 16 | 16.1
Dodging        | 3 5 6 9 10 | 10.1

Action                   |  1- 3 |  4- 6 |  7- 9 | 10-12 | 13-15 | 16-18 || total
-------------------------+-------+-------+-------+-------+-------+-------++-------
Melee: Hand axe          |    53 |    32 |    27 |       |       |       ||   112
       Headbutt          |     8 |     4 |    34 |    84 |   186 |   101 ||   417
       War axe           |       |       |   188 |   363 |   745 |    37 ||  1333
       Morningstar       |       |       |       |       |    34 |       ||    34
       Broad axe         |       |       |       |       |    97 |   397 ||   494
Throw: Javelin           |    30 |    11 |    10 |     2 |   139 |    36 ||   228
       Boomerang         |       |       |     2 |    94 |    14 |    15 ||   125
Invok: Berserk           |     2 |     5 |    10 |    17 |    45 |    23 ||   102
       Brothers in Arms  |       |       |       |       |    12 |       ||    12
       Trog's Hand       |       |       |       |       |     6 |     2 ||     8
  Use: Scroll            |     7 |     2 |    10 |     9 |    14 |    11 ||    53
       Potion            |       |     1 |     5 |     2 |     3 |     6 ||    17
 Stab: Distracted        |       |       |       |     1 |     2 |       ||     3
Armor: Animal skin       |     4 |       |       |       |       |       ||     4
       Plate armour      |     6 |    19 |   110 |   113 |   388 |   262 ||   898
Dodge: Dodged            |    18 |     7 |    45 |    50 |   278 |   128 ||   526
Block: Buckler           |       |     1 |    66 |   108 |   309 |       ||   484
       Reflection        |       |       |     2 |     1 |    35 |    22 ||    60
       Kite shield       |       |       |       |       |   216 |   172 ||   388
       Tower shield      |       |       |       |       |       |   267 ||   267

Table legend:
 A = Non-vault XP
 B = Vault XP
 C = Vault XP percentage of total XP
 D = Non-vault monster count
 E = Vault monster count
 F = Vault count percentage of total count
                 A         B        C        D         E       F
            +---------+---------+-------+---------+---------+-------
      Total |  177017 |   67625 |  27.6 |     717 |     200 |  21.8
            +---------+---------+-------+---------+---------+-------
        D:1 |      29 |       0 |   0.0 |      11 |       0 |   0.0
        D:2 |      45 |       0 |   0.0 |      20 |       0 |   0.0
        D:3 |      39 |       0 |   0.0 |      16 |       0 |   0.0
        D:4 |     475 |     288 |  37.7 |      19 |       4 |  17.4
        D:5 |     614 |     755 |  55.1 |      22 |       4 |  15.4
        D:6 |     947 |      51 |   5.1 |      19 |       4 |  17.4
        D:7 |     980 |       0 |   0.0 |      14 |       0 |   0.0
        D:8 |    1417 |    1154 |  44.9 |      19 |       5 |  20.8
        D:9 |    1422 |    3211 |  69.3 |      12 |      25 |  67.6
       D:10 |    2930 |     796 |  21.4 |      14 |       1 |   6.7
       D:11 |    3275 |       0 |   0.0 |      20 |       0 |   0.0
       D:12 |    8531 |    1760 |  17.1 |      20 |       5 |  20.0
       D:13 |    8636 |    3030 |  26.0 |      96 |       9 |   8.6
       D:14 |    7318 |    6224 |  46.0 |      20 |       7 |  25.9
       D:15 |   13669 |    2328 |  14.6 |      29 |       3 |   9.4
     Lair:1 |    1894 |       0 |   0.0 |      10 |       0 |   0.0
     Lair:2 |    7961 |    2881 |  26.6 |      31 |      11 |  26.2
     Lair:3 |   10473 |    1540 |  12.8 |      39 |       7 |  15.2
     Lair:4 |    3934 |       0 |   0.0 |      18 |       0 |   0.0
     Lair:5 |   15355 |   10927 |  41.6 |      53 |      56 |  51.4
    Swamp:1 |    4453 |    6359 |  58.8 |      13 |       6 |  31.6
    Swamp:2 |   19302 |       0 |   0.0 |      37 |       0 |   0.0
    Swamp:3 |   12630 |       0 |   0.0 |      25 |       0 |   0.0
    Swamp:4 |    3985 |   11271 |  73.9 |       7 |      15 |  68.2
    Snake:1 |   13682 |       0 |   0.0 |      28 |       0 |   0.0
    Snake:2 |   12178 |    4497 |  27.0 |      23 |       6 |  20.7
    Snake:3 |   17742 |       0 |   0.0 |      34 |       0 |   0.0
      Orc:1 |    1582 |    3240 |  67.2 |      20 |      12 |  37.5
      Orc:2 |    1519 |    7313 |  82.8 |      28 |      20 |  41.7
            +---------+---------+-------+---------+---------+-------
